 Dungeon Crawl Stone Soup version 0.30-b1-2-g02819fbbbe (webtiles) character file.

Game seed: 7233596086331899869

3260 Borgoz the Grappler (level 10, -1/83 HPs)
             Began as a Ghoul Gladiator on June 18, 2023.
             Was an Initiate of Ashenzari.
             Killed from afar by an orc wizard (4 damage)
             ... with a puff of flame
             ... on level 7 of the Dungeon.
             The game lasted 00:13:47 (7396 turns).

Borgoz the Grappler (Ghoul Gladiator)               Turns: 7396, Time: 00:13:47

Health: -1/83      AC: 10    Str: 19    XL:     10   Next: 0%
Magic:  0/10       EV: 12    Int:  5    God:    Ashenzari [......]
Gold:   316        SH:  7    Dex: 12    Spells: 10/10 levels left

rFire   . .          .
                       - Unarmed
rCold   + . .        c - +0 kite shield
rNeg    + + +        f - +0 ring mail
rPois   ∞            b - +0 helmet
rElec   .            (no cloak)
rCorr   .            e - +1 pair of gloves
SInv    .            (no boots)
Will    .....        h - amulet of Ashenzari's Doubts {Spirit, Evo, Melee} (curse)
Stlth   +            p - ring of flight
HPRegen 0.00/turn    (no ring)
MPRegen 0.12/turn

%: guardian spirit
@: flying, inhibited regen
A: claws 1, cold resistance 1, negative energy resistance 3, inhibited
regeneration, torment resistance 2, devour on kill
a: Renounce Religion, Shatter the Chains


You were on level 7 of the Dungeon.
You worshipped Ashenzari.
Ashenzari was noncommittal.
You visited 2 branches of the dungeon, and saw 8 of its levels.
You also visited: Ossuary.

You collected 316 gold pieces.

Inventory:

Hand Weapons
 d - a +0 long sword
Missiles
 j - a javelin
 s - 10 poisoned darts (quivered)
Armour
 b - a +0 helmet (worn)
 c - a +0 kite shield (worn)
 e - a +1 pair of gloves (worn)
 f - a +0 ring mail (worn)
Jewellery
 h - the cursed amulet of Ashenzari's Doubts (around neck) {Spirit, Evo, Melee}
   (You found it on level 3 of the Dungeon)

   [amulet of guardian spirit]

   It causes incoming damage to be divided between your reserves of health and
   magic.
   It has a curse which improves the following skills: Evocations: Evocations.
   Melee Combat: Short Blades, Long Blades, Axes, Maces & Flails, Polearms,
   Staves and Unarmed Combat.
 p - a ring of flight (left hand)
Wands
 m - a wand of roots (3)
Scrolls
 a - a scroll of enchant armour
 n - a scroll of amnesia
 o - 4 scrolls of teleportation
 q - a scroll of brand weapon
 t - 3 scrolls of fear
Potions
 g - a potion of attraction
 i - 2 potions of brilliance
 k - a potion of heal wounds
 u - a potion of curing {unknown}
 v - 2 potions of flight


   Skills:
 * Level 6.1 Fighting
 + Level 2.1 Throwing
 * Level 6.3 Armour
 * Level 7.0 Dodging
 + Level 1.3 Stealth
 + Level 1.1 Shields
 * Level 8.3(8.8) Unarmed Combat
 + Level 0.8 Spellcasting
 + Level 1.0(1.2) Evocations


You had 10 spell levels left.
You didn't know any spells.
Your spell library was empty.

Dungeon Overview and Level Annotations

Branches:
Dungeon (7/15)             Temple (1/1) D:5         Ossuary (visited)

Altars:
Ashenzari
Kikubaaqudgha
Qazlal
Ru
Sif Muna
Uskayaw
Wu Jian
Xom
Yredelemnul

Shops:
D:2 (

Annotations:
D:5 4 transporters, MrCrawl's ghost, novice DsNe
D:6 2 runed translucent doors, Varyis's ghost, novice GrFE; craig's ghost, novice GnFi; darkwiz's ghost, novice DsCK


Innate Abilities, Weirdness & Mutations

You are immune to poison.
You have sharp fingernails.
Your flesh is cold resistant. (rC+)
You are immune to negative energy. (rN+++)
You do not regenerate when monsters are visible.
You are immune to unholy pain and torment.
You thrive by killing the living.


Message History

You have reached level 10!
You feel stronger.
You hit something.
The orc priest miscasts a cantrip.
Something hits you but does no damage.
You hit the orc but do no damage.
You hear some strange, mumbled words.
A magic dart appears from out of thin air!
The magic dart hits you but does no damage.
The orc misses you.
You hear some strange, mumbled words.
A puff of flame appears from out of thin air!
The puff of flame hits you!
* * * LOW HITPOINT WARNING * * *
You hit the orc.
The orc is heavily wounded.
You hear some strange, mumbled words.
Something tries to affect you, but you resist.
You block the orc's attack.
You hear some strange, mumbled words.
A magic dart appears from out of thin air!
The magic dart hits you!
* * * LOW HITPOINT WARNING * * *
You hit the orc but do no damage.
The orc is heavily wounded.
You hear some strange, mumbled words.
A puff of flame appears from out of thin air!
The puff of flame hits you!
* * * LOW HITPOINT WARNING * * *
The orc hits you with a +0 hand axe.
* * * LOW HITPOINT WARNING * * *
Something hits you but does no damage.
You punch something!
Reactivating autopickup.
You feel a bit more experienced.
You hear some strange, mumbled words.
A puff of flame appears from out of thin air!
Deactivating autopickup; reactivate with Ctrl-A.
The puff of flame hits you.
You die...

#................
#######........#
#.....##### ###
#....##...#...#
#....#.........
#..............
#..o.#.........
#.{o.##...#...#
##@##.##### ###
#).# .# ###'## +#
#..#. #..#..
+..+### #..# #..#
+##+


You could see an orc priest and an orc.

Vanquished Creatures
  The ghost of Batma the Firebug, a novice DrFE of Makhleb (D:4)
  Maggie (D:6)
  A hornet (D:5)
  Prince Ribbit (D:6)
  A wyvern (D:6)
  A water moccasin (D:6)
  2 ice beasts
  2 sky beasts
  2 black bears
  3 ogres
  2 phantoms
  3 bullfrogs
  3 scorpions
  A gnoll sergeant (D:6)
  4 centaur zombies (Ossuary)
  3 jellies (D:6)
  A hound (D:6)
  A gnoll bouda (D:6)
  2 human zombies (Ossuary)
  4 iguanas
  An orc wizard (D:7)
  A sleepcap (D:5)
  2 mummies (Ossuary)
  7 gnolls (D:6)
  5 adders
  2 ufetubi (D:5)
  3 adder zombies (Ossuary)
  2 dart slugs
  An orc (D:6)
  6 bats
  11 endoplasms
  3 giant cockroaches
  4 goblins
  4 hobgoblins
  2 jackals (D:4)
  5 kobolds
  2 quokkas (D:3)
  2 ball pythons (D:1)
  A frilled lizard (D:1)
  2 goblin zombies (Ossuary)
  11 hobgoblin zombies (Ossuary)
  7 kobold zombies (Ossuary)
  8 orc zombies (Ossuary)
  5 rats
136 creatures vanquished.

Notes
Turn   | Place    | Note
-------+----------+-------------------------------------------
     0 | D:1      | Borgoz the Ghoul Gladiator began the quest for the Orb.
     0 | D:1      | Reached XP level 1. HP: 17/17 MP: 0/0
   400 | D:1      | Reached XP level 2. HP: 24/24 MP: 1/1
   500 | D:1      | Reached skill level 1 in Armour
   807 | D:2      | Reached XP level 3. HP: 30/30 MP: 2/2
  1003 | D:2      | Found Ymenick's Weapon Shoppe.
  1857 | D:3      | Reached XP level 4. HP: 31/37 MP: 3/3
  2265 | D:3      | Reached skill level 4 in Unarmed Combat
  2443 | D:4      | Noticed an ogre
  2451 | D:4      | Killed an ogre
  2452 | D:4      | Reached XP level 5. HP: 39/45 MP: 4/4
  2496 | D:4      | Noticed a sky beast
  2517 | D:4      | Killed a sky beast
  2518 | D:4      | Reached XP level 6. HP: 4/51 MP: 0/5
  2802 | D:4      | Found a large runed translucent door.
  2802 | D:4      | Found a large runed translucent door.
  2805 | D:4      | Noticed Batma's ghost (novice DrFE)
  3315 | D:4      | Noticed a black bear
  3331 | D:4      | Killed a black bear
  3332 | D:4      | Reached skill level 5 in Unarmed Combat
  3457 | D:4      | Found a stormy altar of Qazlal.
  3550 | D:4      | Noticed an ice beast
  3563 | D:4      | Reached XP level 7. HP: 49/57 MP: 4/6
  3755 | D:4      | Killed Batma's ghost
  3756 | D:4      | Reached skill level 6 in Unarmed Combat
  3816 | D:5      | Entered Level 5 of the Dungeon
  3826 | D:5      | Reached skill level 5 in Dodging
  3826 | D:5      | Reached XP level 8. HP: 48/66 MP: 4/7
  3934 | D:5      | Found a transporter.
  4253 | D:5      | Found a transporter.
  4256 | D:5      | Found a transporter.
  4258 | D:5      | Noticed MrCrawl's ghost (novice DsNe)
  4292 | D:5      | Found a sand-covered staircase.
  4320 | Ossuary  | Entered an ossuary
  4987 | D:5      | Noticed a hornet
  5013 | D:5      | Killed a hornet
  5014 | D:5      | Reached skill level 5 in Fighting
  5014 | D:5      | Reached skill level 5 in Armour
  5014 | D:5      | Reached skill level 7 in Unarmed Combat
  5263 | D:5      | Found a transporter.
  5311 | D:5      | Found a staircase to the Ecumenical Temple.
  5328 | D:5      | Reached XP level 9. HP: 71/74 MP: 8/8
  5605 | D:6      | Noticed Prince Ribbit
  5617 | D:6      | Killed Prince Ribbit
  5727 | Temple   | Entered the Ecumenical Temple
  5776 | Temple   | Became a worshipper of Ashenzari the Shackled
  5890 | D:6      | Found a large runed translucent door.
  5891 | D:6      | Found a large runed translucent door.
  5950 | D:6      | Reached skill level 8 in Unarmed Combat
  6227 | D:6      | Noticed Maggie
  6255 | D:6      | Killed Maggie
  6700 | D:6      | Reached skill level 1 in Stealth
  6700 | D:6      | Reached skill level 1 in Shields
  6711 | D:6      | Identified the +7 rapier of Beogh's Whim {chaos, rC+}
  6712 | D:6      | Found a runed translucent gate.
  6713 | D:6      | Found a runed translucent gate.
  6713 | D:6      | Found a runed translucent gate.
  6720 | D:6      | Noticed darkwiz's ghost (novice DsCK)
  6720 | D:6      | Noticed Varyis's ghost (novice GrFE)
  6720 | D:6      | Noticed craig's ghost (novice GnFi)
  6720 | D:6      | Noticed craig's ghost (novice GnFi)
  7196 | D:6      | Found a shimmering altar of Xom.
  7392 | D:7      | Reached skill level 1 in Evocations
  7392 | D:7      | Reached XP level 10. HP: 31/83 MP: 5/10
  7395 | D:7      | HP: 4/83 [something/puff of flame (11)]
  7396 | D:7      | Killed from afar by an orc wizard

Illustrated notes

Levels and vault maps discovered:
D:1:      grunt_arrival_crossed_arrows, layout_basic, minmay_domino_4
D:2:      layout_loops_ring, serial_shops, shop
D:3:      layout_basic, lemuel_doored_altar, minmay_crystal_water,
          minmay_misc_feat_chi, minmay_misc_feat_four_crosses, minmay_puff
D:4:      layout_loops_ring, kennysheep_mini_moat, lemuel_crystal_altar,
          ebering_ghost_disaster_area, minivault_26
D:5:      gammafunk_steamed_eel, layout_gridville, temple_pool_b,
          gammafunk_ghost_arena, nicolae_ossuary_entry_false_entrances
D:6:      due_chaos_kobolds, layout_loops_ring, gammafunk_ghost_cemetery,
          uniq_maggie, uniq_prince_ribbit1
D:7:      minmay_recursive_quarters, layout_rooms, mainiacjoe_overflow_24_doors,
          marbit_many_paths, mainiacjoe_overflow_cross_hatched,
          minmay_misc_feat_doors, uniq_joseph, uniq_duvessa
Temple:   nicolae_temple_ecumenical_triangle

Skill      XL: |  1  2  3  4  5  6  7  8  9 |
---------------+----------------------------+-----
Armour         | 1 2 3 4 5 6 |  6.3
Dodging        | 3 4 5 6 7 |  7.0
Unarmed Combat | 4 5 6 7 8 |  8.3
Fighting       | 3 4 5 6 |  6.1
Throwing       | 2 |  2.1
Stealth        | 1 |  1.3
Shields        | 1 |  1.1
Evocations     | 1 |  1.0
Spellcasting   | |  0.8

Action                     |  1- 3 |  4- 6 |  7- 9 | 10-12 || total
---------------------------+-------+-------+-------+-------++-------
  Melee: Unarmed           |   101 |   113 |   543 |     5 ||   762
         Punch             |     2 |     8 |    18 |       ||    28
  Throw: Throwing net      |       |     4 |     5 |       ||     9
         Javelin           |       |       |     3 |       ||     3
         Dart              |       |       |    10 |       ||    10
 Invoke: Curse Item        |       |       |     1 |       ||     1
  Evoke: Wand              |       |       |     1 |       ||     1
    Use: Scroll            |     9 |     2 |     8 |       ||    19
         Potion            |       |     2 |     5 |       ||     7
   Stab: Held in net/web   |       |     2 |     1 |       ||     3
 Armour: Ring mail         |    40 |    45 |   220 |     3 ||   308
  Dodge: Dodged            |    63 |    36 |   339 |     1 ||   439
  Block: Kite shield       |       |       |    34 |     1 ||    35
